 Dungeon Crawl Stone Soup version 0.29.1-12-g30fa7ad0bf (webtiles) character file.

Game seed: 8585263805837742927

64431 Lutefisk the Summoner (level 14, -1/115 HPs)
             Began as a Demonspawn Summoner on Dec 18, 2022.
             Was the Champion of Sif Muna.
             Slain by an orc knight
             ... wielding a +1 great sword of holy wrath
              (24 damage)
             ... on level 2 of the Orcish Mines on Dec 19, 2022.
             The game lasted 01:25:32 (8678 turns).

Lutefisk the Summoner (Demonspawn Summoner)         Turns: 8678, Time: 01:25:33

Health: -1/115     AC: 21    Str: 10    XL:     14   Next: 71%
Magic:  22/23      EV: 22    Int: 24    God:    Sif Muna [******]
Gold:   1446       SH:  6    Dex: 20    Spells: 11/29 levels left

rFire   + . .      SeeInvis .   u - +4 flail (protect)
rCold   + . .      Faith    .   G - +0 buckler
rNeg    . . .      Spirit   .   P - +0 acid dragon scales
rPois   .          Reflect  .   n - -2 helmet of the Loofah {Harm Regen+ Int+6 Stlth-}
rElec   .          Harm     +   Z - +1 cloak
rCorr   +          Rampage  .   q - +0 pair of gloves
Will    ++...                   L - +0 pair of boots
Stlth   +++.......              U - amulet of magic regeneration
HPRegen 1.09/turn               d - ring of willpower
MPRegen 0.58/turn               c - ring of protection from fire

@: mighty, agile, under a protective aura
A: thin skeletal structure 2, ignite blood 2, powered by pain 1, demonic touch
1, cold resistance 1, low MP 1, shaggy fur 1, evolution 1
a: Renounce Religion, Channel Magic, Forget Spell, Divine Exegesis


You were on level 2 of the Orcish Mines.
You worshipped Sif Muna.
Sif Muna was exalted by your worship.
You visited 4 branches of the dungeon, and saw 19 of its levels.
You also visited: Sewer.

You collected 1446 gold pieces.

Inventory:

Hand Weapons
 t - a +5 eveningstar of protection
 u - a +4 flail of protection (weapon)
 Y - a +0 demon whip of venom
Missiles
 j - 5 atropa-tipped darts
 M - 6 curare-tipped darts (quivered)
Armour
 n - the -2 helmet of the Loofah (worn) {Harm Regen+ Int+6 Stlth-}
   (You found it on level 3 of the Dungeon)

   Int:       It affects your intelligence (+6).
   Regen:     It increases your rate of health regeneration.
   Harm:      It increases damage dealt and taken.
   Stlth:     It makes you less stealthy.
 q - a +0 pair of gloves (worn)
 G - a +0 buckler (worn)
 L - a +0 pair of boots (worn)
 P - +0 acid dragon scales (worn)
 Z - a +1 cloak (worn)
Magical Staves
 o - a staff of fire
Jewellery
 c - a ring of protection from fire (right hand)
 d - a ring of willpower (left hand)
 r - an amulet of faith
 H - a +6 ring of intelligence
 N - a ring of positive energy
 R - a +4 ring of protection
 S - a ring of magical power
 U - an amulet of magic regeneration (around neck)
 V - a ring of flight
Wands
 v - a wand of polymorph (3)
 B - a wand of flame (62)
 F - a wand of charming (10)
 K - a wand of light (2)
 T - a wand of roots (7)
Scrolls
 f - 2 scrolls of vulnerability {unknown}
 g - a scroll of amnesia {unknown}
 i - 3 scrolls of enchant armour
 l - a scroll of silence {unknown}
 s - 3 scrolls of enchant weapon {unknown}
 y - 2 scrolls of blinking
 D - 3 scrolls of magic mapping
 I - 2 scrolls of torment {unknown}
 J - 5 scrolls of teleportation
 O - a scroll of immolation {unknown}
 W - 2 scrolls of fear {unknown}
 X - 2 scrolls of fog {unknown}
Potions
 a - a potion of attraction {unknown}
 b - 3 potions of magic
 e - 4 potions of lignification
 h - 3 potions of haste
 k - 3 potions of heal wounds
 m - 2 potions of brilliance {unknown}
 p - 4 potions of might {unknown}
 w - 6 potions of curing
 x - 8 potions of flight
 z - a potion of invisibility
 A - 4 potions of berserk rage {unknown}
 C - 3 potions of cancellation {unknown}
 E - a potion of degeneration {unknown}
Miscellaneous
 Q - a phantom mirror


   Skills:
 - Level 12.0 Fighting
 - Level 1.0 Throwing
 - Level 10.0 Armour
 - Level 10.0 Dodging
 - Level 2.0 Stealth
 * Level 5.3 Shields
 - Level 8.0 Spellcasting
 * Level 14.2 Summonings
 - Level 1.0 Air Magic
 - Level 6.0 Invocations
 - Level 5.0 Evocations


You had 11 spell levels left.
You knew the following spells:

 Your Spells              Type           Power      Damage    Failure   Level
a - Summon Small Mammal   Summ           100%       N/A       1%          1
b - Call Imp              Summ           67%        N/A       1%          2
c - Call Canine Familiar  Summ           67%        N/A       1%          3
d - Summon Lightning Spi  Summ/Air       46%        N/A       5%          4
e - Passwall              Tmut/Erth      7%         N/A       19%         2
f - Summon Cactus Giant   Summ           33%        N/A       5%          6

Your spell library contained the following spells:

 Spells                   Type           Power      Damage    Failure   Level
 Summon Guardian Golem    Hex/Summ       43%        N/A       1%          3
 Animate Armour           Summ/Erth      86%        N/A       6%          4
 Shock                    Conj/Air       48%        1d6       10%         1
 Beastly Appendage        Tmut           18%        N/A       12%         1
 Freeze                   Ice            36%        1d6       12%         1
 Sandblast                Erth           18%        2d7       12%         1
 Ensorcelled Hibernation  Hex/Ice        18%        N/A       19%         2
 Wereblood                Tmut           9%         N/A       19%         2
 Summon Forest            Summ/Tloc      21%        N/A       19%         5
 Swiftness                Air            14%        N/A       24%         3
 Summon Hydra             Summ           33%        N/A       30%         7
 Mephitic Cloud           Conj/Pois/Air  11%        N/A       32%         3
 Confusing Touch          Hex            9%         N/A       34%         3
 Conjure Flame            Conj/Fire      9%         6-21      34%         3
 Dazzling Flash           Conj/Hex       18%        N/A       34%         3
 Frozen Ramparts          Ice            18%        1d3       34%         3
 Gell's Gravitas          Tloc           9%         N/A       34%         3
 Ignite Poison            Fire/Tmut/Pois 9%         N/A       34%         3
 Lesser Beckoning         Tloc           9%         N/A       34%         3
 Spider Form              Tmut/Pois      9%         N/A       34%         3
 Teleport Other           Tloc           9%         N/A       34%         3
 Airstrike                Air            7%         2d(1-17)  61%         4
 Corpse Rot               Necr/Pois/Air  11%        N/A       71%         4
 Anguish                  Hex/Necr       4%         N/A       75%         4
 Hailstorm                Conj/Ice       9%         3d4       75%         4
 Ice Form                 Ice/Tmut       9%         N/A       75%         4
 Petrify                  Tmut/Erth      9%         N/A       75%         4
 Sticky Flame             Conj/Fire      9%         2d3       75%         4
 Freezing Cloud           Conj/Ice/Air   5%         6-21      96%         5
 Irradiate                Conj/Tmut      4%         3d13      97%         5
 Lee's Rapid Deconstruct  Erth           4%         3d6*      97%         5
 Metabolic Englaciation   Hex/Ice        4%         N/A       97%         5
 Malign Gateway           Summ/Tloc      21%        N/A       99%         7
 Eringya's Noxious Bog    Tmut/Pois      4%         N/A       100%        6
 Statue Form              Tmut/Erth      6%         N/A       100%        6
 Dragon Form              Tmut           4%         N/A       100%        7
 Shatter                  Erth           4%         3d8*      100%        9


Dungeon Overview and Level Annotations

Branches:
Dungeon (11/15)            Temple (1/1) D:4            Lair (5/5) D:9
 Shoals (0/4) Lair:2        Snake (0/4) Lair:2        Slime (0/5) Lair:4
    Orc (2/2) D:11            Elf (0/3) Orc:2         Sewer (visited)

Altars:
Ashenzari
Cheibriados
Dithmenos
Fedhas
Gozag
Hepliaklqana
Kikubaaqudgha
Makhleb
Nemelex Xobeh
Okawaru
Qazlal
Sif Muna
Trog
Uskayaw
Vehumet
Xom
Yredelemnul

Shops:
D:10 :

Portals:
Abyss: Lair:2

Annotations:
D:4 Edmund
D:8 1 runed translucent door, coldfrog's ghost, novice TrFi
Lair:2 2 transporters, Radix's ghost, journeyman GrCA
Lair:3 1 runed translucent door, Oluanan's ghost, journeyman DsFi


Innate Abilities, Weirdness & Mutations

You have a moderately thin skeletal structure. (Dex +4, Stealth++)
Your demonic aura often causes spilled blood to erupt in flames.
You sometimes gain a little power by taking damage.
Your touch may inflict minor irresistible damage on your foes.
Your flesh is cold resistant. (rC+)
Your magical capacity is low. (-10% MP)
You are covered in fur. (AC +1)
You have hidden genetic potential.


Message History

The orc knight hits your cactus giant with a +1 war axe!!
Your lightning spire shoots out a bolt of lightning at the orc knight!
The bolt of electricity hits the orc high priest!
The bolt of electricity hits the orc knight!
Your cactus giant hits the orc knight with a +0 giant spiked club!
The orc knight is engulfed in blazing flames.
The orc knight is struck by your cactus giant's spines.
The orc knight hits your cactus giant with a +1 war axe!!
Casting: Summon Lightning Spire (dangerous; 5% risk of failure)
Confirm with . or Enter, or press ? or * to list all spells.
The orc knight is engulfed in blazing flames.
You kill the orc knight!
Sif Muna accepts your kill.
The orc high priest mumbles some strange prayers to Beogh against you.
Beogh smites you!
You focus on the pain.
You feel very mighty all of a sudden.
The orc knight is engulfed in blazing flames.
You thump the orc high priest!
The orc high priest is heavily wounded.
Your warg bites the orc high priest but does no damage.
The orc knight hits you with a +1 great sword of holy wrath!
You focus on the pain.
You feel your power returning.
You convulse.
The orc high priest hits you with a +0 mace.
Unknown command.
You closely miss the orc high priest.
The orc high priest is heavily wounded.
The orc high priest no longer looks unusually strong.
Your warg bites the orc high priest.
The orc high priest is engulfed in blazing flames.
The orc high priest prays to Beogh.
The orc knight roars a battlecry!
The orc high priest goes into a battle-frenzy!
Your warg bites the orc high priest!
Your cactus giant hits the orc knight with a +0 giant spiked club.
The orc knight is engulfed in blazing flames.
The orc knight hits you with a +1 great sword of holy wrath!!!
* * * LOW HITPOINT WARNING * * *
You focus on the pain.
You feel agile all of a sudden.
You convulse!!
You die...

###...............
##.#...............
#..................
##.....).))........
##......))........
#####..)..........
###...##............
##)8☼○..##...........
#.ho@....##..........
#..4Co##....#..........
##
#..°3####...##.........
.# #...÷○
#.)).#......... ##
#÷.÷÷o÷ ##).).....^....
.# #......
#............. .#
###....°.
###..§.........)
.######.#....
#.#...).........
..##.#..#
#.#.............


You could see an orc knight (strong, ally target), 2 orc high priests, a smoke
demon (summoned), a red devil (summoned), a friendly cactus giant (summoned), a
friendly warg (summoned) and a friendly lightning spire (summoned).

Vanquished Creatures
  An orc warlord (Orc:1)
  A hydra (Lair:4)
  A catoblepas (Lair:4)
  A two-headed ogre (D:9)
  4 death yaks
  An orc high priest (Orc:2)
  An orc knight (Orc:2)
  2 orc sorcerers
  A manticore (Lair:2)
  3 elephants
  2 black mambas (Lair:5)
  4 cane toads
  An unseen horror (D:11)
  A komodo dragon (Lair:1)
  2 rime drakes
  2 trolls
  A polar bear (Lair:5)
  15 blink frogs
  7 dream sheep (Lair:5)
  A spriggan (Lair:5)
  3 wyverns
  21 yaks
  A basilisk (Lair:1)
  A nameless horror (Orc:2)
  Menkaure (D:5)
  A naga (Lair:2)
  A warg (Orc:2)
  An acid dragon (D:8)
  7 water moccasins
  An ice beast (D:5)
  11 orc warriors
  4 black bears
  3 boggarts (Lair:5)
  A centaur (D:8)
  4 ogres
  14 wolves
  2 phantoms
  2 kobold brigands
  9 bullfrogs
  4 scorpions
  2 killer bees (D:9)
  6 howler monkeys
  4 jellies
  6 orc priests
  Crazy Yiuf (D:3)
  A hound (D:7)
  3 iguanas
  Ijyb (D:5)
  4 orc wizards
  An ogre zombie (D:11)
  6 adders
  A gnoll (D:3)
  A river rat (Sewer)
  A worm (D:4)
  2 dart slugs
  13 orcs
  3 ball pythons (D:1)
  2 endoplasms (D:3)
  2 giant cockroaches
  2 hobgoblins
  2 jackals (Sewer)
  6 frilled lizards
  2 goblins
  A hobgoblin skeleton (D:11)
  13 kobolds
  2 orc skeletons (D:11)
  5 orc zombies (D:11)
  9 rats
246 creatures vanquished.

Vanquished Creatures (collateral kills)
  Gastronok (D:11)
  Nessos (Lair:5)
  4 hydras
  5 death yaks (Lair:5)
  Urug (Lair:5)
  Amaemon (Lair:1)
  4 skeletal warriors (D:11)
  Pikel (D:8)
  A lindwurm (Lair:4)
  2 orc knights (Orc:2)
  4 orc sorcerers
  6 elephants
  2 black mambas (Lair:2)
  A torpor snail (Lair:1)
  An orange demon (Lair:1)
  4 komodo dragons
  2 cane toads
  A rime drake (Lair:2)
  2 burning bushes (Lair:3)
  3 polar bears (Lair:5)
  A wind drake (Lair:2)
  2 hornets
  8 dream sheep (Lair:5)
  19 blink frogs
  A shadow (D:9)
  9 spriggans (Lair:5)
  3 wyverns
  Grum (D:8)
  28 yaks
  A basilisk (Lair:2)
  A steam dragon (D:9)
  2 nagas (Lair:2)
  7 water moccasins
  A two-headed ogre zombie (D:11)
  A nameless horror (Orc:1)
  4 black bears (Lair:5)
  9 orc warriors
  2 centaurs (D:7)
  3 ogres
  22 wolves
  2 boggarts (Lair:5)
  4 phantoms
  3 lemures (D:8)
  A kobold brigand (Sewer)
  3 bullfrogs
  2 necrophages
  A scorpion (D:4)
  2 troll zombies (D:11)
  7 killer bees (D:9)
  A howler monkey (D:9)
  12 jellies
  9 orc priests
  19 orc wizards
  2 iguanas
  4 ogre zombies (D:11)
  3 gnolls (D:2)
  An adder (D:6)
  A white imp (D:8)
  37 orcs
  3 ball pythons
  4 endoplasms
  2 giant cockroaches
  3 goblins (D:1)
  3 hobgoblins
  A jackal (Sewer)
  A quokka (D:2)
  A bat (D:1)
  3 frilled lizards
  A goblin zombie (D:11)
  2 hobgoblin skeletons (D:11)
  2 hobgoblin zombies (D:11)
  19 kobolds
  2 orc skeletons (D:11)
  10 orc zombies (D:11)
  4 rats
347 creatures vanquished.

Vanquished Creatures (others)
  An orc (Orc:2)
  2 bushes
  34 fungi
  91 plants
128 creatures vanquished.

Grand Total: 721 creatures vanquished

Notes
Turn   | Place    | Note
-------+----------+-------------------------------------------
     0 | D:1      | Lutefisk the Demonspawn Summoner began the quest for the
                  | Orb.
     0 | D:1      | Reached XP level 1. HP: 13/13 MP: 3/3
   215 | D:1      | Reached skill level 1 in Fighting
   390 | D:1      | Gained mutation: Your demonic aura sometimes causes spilled
                  | blood to erupt in flames. [demonic ancestry]
   390 | D:1      | Reached XP level 2. HP: 18/22 MP: 3/5
   645 | D:2      | Learned a level 2 spell: Call Imp
   659 | D:2      | Gained mutation: You have a somewhat thin skeletal
                  | structure. (Dex +2, Stealth+) [demonic ancestry]
   659 | D:2      | Reached XP level 3. HP: 19/28 MP: 3/6
   724 | D:2      | Found a blossoming altar of Fedhas.
   785 | D:2      | You fall into a shaft and drop 1 floor!
   826 | D:3      | Identified the -2 helmet of the Loofah {Harm Regen+ Int+6
                  | Stlth-}
   959 | D:3      | Identified the +0 ring mail of Yesterday {-Cast rC+
                  | Will+++}
  1112 | D:2      | Reached XP level 4. HP: 37/37 MP: 1/7
  1342 | D:3      | Learned a level 3 spell: Call Canine Familiar
  1347 | D:3      | Found a runed translucent door.
  1348 | D:3      | Noticed Crazy Yiuf
  1397 | D:3      | Killed Crazy Yiuf
  1398 | D:3      | Reached skill level 1 in Armour
  1416 | D:3      | Found a bloodstained altar of Trog.
  1427 | D:3      | Reached XP level 5. HP: 32/43 MP: 8/8
  1479 | D:4      | Noticed a black bear
  1484 | D:4      | Reached skill level 5 in Fighting
  1485 | D:4      | Killed a black bear
  1486 | D:4      | Gained mutation: Your demonic aura often causes spilled
                  | blood to erupt in flames. [demonic ancestry]
  1486 | D:4      | Reached XP level 6. HP: 40/51 MP: 2/9
  1517 | D:4      | Noticed Edmund
  1875 | D:4      | Found a staircase to the Ecumenical Temple.
  1887 | Temple   | Entered the Ecumenical Temple
  1938 | Temple   | Became a worshipper of Sif Muna the Loreminder
  2038 | D:4      | Found a snail-covered altar of Cheibriados.
  2094 | D:5      | Entered Level 5 of the Dungeon
  2098 | D:5      | Noticed Ijyb
  2104 | D:5      | Killed Ijyb
  2105 | D:5      | Reached skill level 5 in Summonings
  2214 | D:5      | Found a stormy altar of Qazlal.
  2294 | D:5      | Reached XP level 7. HP: 56/56 MP: 8/10
  2305 | D:5      | Noticed Menkaure
  2309 | D:5      | Killed Menkaure
  2434 | D:5      | Reached skill level 1 in Invocations
  2447 | D:5      | Learned a level 4 spell: Summon Lightning Spire
  2539 | D:6      | Reached skill level 1 in Air Magic
  2567 | D:6      | Reached skill level 1 in Evocations
  2567 | D:6      | Reached XP level 8. HP: 64/64 MP: 6/11
  2662 | D:6      | Reached * piety under Sif Muna
  2692 | D:6      | Reached skill level 6 in Summonings
  2704 | D:6      | Found a glowing drain.
  2768 | Sewer    | Entered a sewer
  2825 | Sewer    | Reached skill level 5 in Dodging
  2977 | D:6      | Found a basalt altar of Yredelemnul.
  3221 | D:7      | Noticed a troll
  3290 | D:7      | Reached ** piety under Sif Muna
  3367 | D:8      | Found a runed translucent door.
  3367 | D:8      | Noticed coldfrog's ghost (novice TrFi)
  3389 | D:8      | Reached skill level 7 in Summonings
  3400 | D:8      | Reached XP level 9. HP: 41/69 MP: 2/13
  3580 | D:8      | Found a hide-covered altar of Uskayaw.
  3642 | D:7      | Reached skill level 8 in Summonings
  3859 | D:7      | Killed a troll
  3860 | D:7      | Reached skill level 5 in Armour
  3912 | D:7      | Reached *** piety under Sif Muna
  4334 | D:8      | Noticed Pikel
  4351 | D:8      | Killed Pikel
  4352 | D:8      | Reached XP level 10. HP: 80/80 MP: 10/14
  4406 | D:8      | Noticed Grum
  4412 | D:8      | Killed Grum
  4544 | D:9      | Reached skill level 9 in Summonings
  4664 | D:9      | Reached **** piety under Sif Muna
  4728 | D:9      | Found a radiant altar of Vehumet.
  4781 | D:9      | Noticed a two-headed ogre
  4792 | D:9      | Killed a two-headed ogre
  4793 | D:9      | Reached skill level 10 in Summonings
  4810 | D:9      | Found a staircase to the Lair.
  4825 | Lair:1   | Entered Level 1 of the Lair of Beasts
  4825 | Lair:1   | Noticed Amaemon
  4825 | Lair:1   | Noticed an orange demon
  4838 | Lair:1   | Killed an orange demon
  4839 | Lair:1   | Gained mutation: You have a moderately thin skeletal
                  | structure. (Dex +4, Stealth++) [demonic ancestry]
  4839 | Lair:1   | Reached XP level 11. HP: 56/89 MP: 12/18
  4861 | Lair:1   | Killed Amaemon
  4862 | Lair:1   | Reached skill level 5 in Spellcasting
  4909 | Lair:1   | Noticed an eight-headed hydra
  4933 | Lair:1   | Killed an eight-headed hydra
  5126 | Lair:1   | Noticed an eight-headed hydra
  5131 | Lair:1   | Killed an eight-headed hydra
  5205 | Lair:2   | Reached skill level 10 in Fighting
  5237 | Lair:2   | Found a one-way gate to the infinite horrors of the Abyss.
  5237 | Lair:2   | Noticed Radix's ghost (journeyman GrCA)
  5239 | Lair:2   | Noticed a rakshasa
  5245 | Lair:2   | Found a transporter.
  5255 | Lair:2   | Found a transporter.
  5255 | Lair:2   | Found a staircase to the Shoals.
  5277 | Lair:2   | Reached XP level 12. HP: 87/97 MP: 13/19
  5288 | Lair:2   | Reached ***** piety under Sif Muna
  5288 | Lair:2   | Received a gift from Sif Muna
  5289 | Lair:2   | Reached skill level 11 in Summonings
  5289 | Lair:2   | Got Sif Muna's Anthology of Bedrock and Jinxing {god gift}
  5294 | Lair:2   | Learned a level 2 spell: Passwall
  5355 | Lair:2   | Reached skill level 1 in Throwing
  5429 | Lair:2   | Found a staircase to the Snake Pit.
  5582 | Lair:3   | Reached skill level 5 in Invocations
  5656 | Lair:3   | Noticed a six-headed hydra
  5667 | Lair:3   | Killed a six-headed hydra
  5844 | Lair:4   | Noticed a five-headed hydra
  5850 | Lair:4   | Killed a five-headed hydra
  5876 | Lair:5   | Entered Level 5 of the Lair of Beasts
  5876 | Lair:5   | Noticed a death yak
  5876 | Lair:5   | Noticed a death yak
  5876 | Lair:5   | Noticed a death yak
  5965 | Lair:4   | Noticed a six-headed hydra
  5982 | Lair:4   | Killed a six-headed hydra
  5983 | Lair:4   | Gained mutation: Your touch may inflict minor irresistible
                  | damage on your foes. [demonic ancestry]
  5983 | Lair:4   | Reached XP level 13. HP: 106/106 MP: 13/22
  6051 | Lair:4   | Reached skill level 12 in Summonings
  6159 | Lair:4   | Found a staircase to the Slime Pits.
  6484 | Lair:5   | Reached skill level 5 in Evocations
  6529 | Lair:5   | Received a gift from Sif Muna
  6531 | Lair:5   | Got Sif Muna's Omnibus of Telluric Production {god gift}
  6586 | Lair:5   | Reached skill level 10 in Dodging
  6599 | Lair:5   | Reached skill level 10 in Armour
  6635 | Lair:5   | Noticed Nessos
  6646 | Lair:5   | Killed Nessos
  6689 | Lair:5   | Learned a level 6 spell: Summon Cactus Giant
  6720 | Lair:5   | Noticed Urug
  6737 | Lair:5   | Killed Urug
  6759 | Lair:5   | Found an ancient bone altar of Kikubaaqudgha.
  6840 | Lair:5   | Gained mutation: You sometimes gain a little power by
                  | taking damage. [demonic ancestry]
  6840 | Lair:5   | Reached XP level 14. HP: 114/114 MP: 20/26
  6890 | Lair:5   | Received a gift from Sif Muna
  6891 | Lair:5   | Got Sif Muna's Spellbook of Pestilent Sculpting {god gift}
  6935 | Lair:5   | Reached skill level 13 in Summonings
  7120 | Lair:3   | Found a runed translucent door.
  7120 | Lair:3   | Found a shimmering altar of Xom.
  7120 | Lair:3   | Noticed Oluanan's ghost (journeyman DsFi)
  7124 | Lair:3   | Identified the +0 scale mail "Quddocsy" {Rampage Str+7}
  7288 | D:9      | Reached skill level 1 in Shields
  7351 | D:9      | Found an iron altar of Okawaru.
  7422 | D:10     | Entered Level 10 of the Dungeon
  7484 | D:10     | Found Kufrow's Book Boutique.
  7588 | D:10     | Found a burning altar of Makhleb.
  7828 | D:11     | Gained mutation: Your magical capacity is low. (-10% MP)
                  | [potion of mutation]
  7828 | D:11     | Gained mutation: You have hidden genetic potential. [potion
                  | of mutation]
  7828 | D:11     | Gained mutation: You are covered in fur. (AC +1) [potion of
                  | mutation]
  7828 | D:11     | Gained mutation: Your flesh is cold resistant. (rC+)
                  | [potion of mutation]
  7902 | D:11     | Noticed Gastronok
  7923 | D:11     | Killed Gastronok
  7971 | D:11     | Found a staircase to the Orcish Mines.
  8019 | Orc:1    | Entered Level 1 of the Orcish Mines
  8104 | Orc:1    | Noticed an orc warlord
  8132 | Orc:1    | Received a gift from Sif Muna
  8154 | Orc:1    | Killed an orc warlord
  8185 | Orc:2    | Entered Level 2 of the Orcish Mines
  8206 | Orc:2    | Reached ****** piety under Sif Muna
  8405 | Orc:2    | Found a staircase to the Elven Halls.
  8543 | Orc:2    | Reached skill level 14 in Summonings
  8649 | Orc:2    | Reached skill level 5 in Shields
  8678 | Orc:2    | Slain by an orc knight

Illustrated notes

Levels and vault maps discovered:
D:1:      dpeg_cavernosity, layout_loops_cross
D:2:      layout_basic, basic_altar, minmay_misc_feat_rugged, uniq_jessica
D:3:      layout_basic, trog_book, minmay_door_square, nicolae_grassy_gnolls,
          uniq_crazy_yiuf_cottage
D:4:      layout_basic, nicolae_wu_jian_glorious_leap,
          mainiacjoe_overflow_catwalk, minmay_temple_entry_statues_pillars,
          uniq_edmund
D:5:      layout_loops_ring, grunt_qazlal_clouds, uniq_prince_ribbit1,
          uniq_menkaure, uniq_ijyb
D:6:      layout_basic, mainiacjoe_overflow_alcove_2,
          cheibrodos_sewer_entry_drain
D:7:      kennysheep_kobold_camp, layout_loops_cross
D:8:      layout_basic, nicolae_uskayaw_murder_on_the_dancefloor,
          hellmonk_ghost_happy_afterlife, uniq_pikel, uniq_grum
D:9:      layout_basic, mainiacjoe_overflow_surrounded_room,
          kennysheep_little_box, minmay_lair_entry_grove,
          kennysheep_generic_room_3
D:10:     layout_basic, nicolae_ru_path_of_blood, bloody_makhleb, serial_shops,
          shop
D:11:     layout_irregular_city, zombieorc2_lemuel, gammafunk_ghost_grave,
          uniq_gastronok
Temple:   nicolae_temple_hex_pool
Lair:1:   layout_chaotic_city, grunt_megastairs_1, serial_bayou_shore_b,
          infiniplex_staircase_pool_2, uniq_amaemon
Lair:2:   layout_misc_corridors, minmay_shoals_entry_beasts,
          minmay_snake_entry_guardpost_small, gammafunk_ghost_abyssal_escape,
          minivault_19
Lair:3:   layout_hall_layers, ebering_ghost_xom, evilmike_ambush
          [evilmike_ambush_outer_basic, evilmike_ambush_inner_basic],
          lemuel_fruit_tree
Lair:4:   layout_regular_city, minmay_slime_entry_jelly_boxes
Lair:5:   minmay_lair_end_enchanted_forest, layout_gridlike, basic_altar,
          uniq_urug, uniq_nessos
Orc:1:    layout_caves, guppyfry_library_mini, uniq_erica
Orc:2:    grunt_orc_tribal_feast, layout_diamond_mine

Skill      XL: |  1  2  3  4  5  6  7  8  9 10 11 12 13 14 |
---------------+-------------------------------------------+-----
Fighting       | 1 2 3 4 5 6 7 9 10 11 12 | 12.0
Dodging        | 2 3 4 5 6 8 9 10 | 10.0
Armour         | 1 2 3 4 6 8 9 10 | 10.0
Stealth        | 2 |  2.0
Summonings     | 5 7 8 10 11 12 14 | 14.2
Invocations    | 3 4 5 6 |  6.0
Air Magic      | 1 |  1.0
Evocations     | 1 2 3 5 |  5.0
Spellcasting   | 3 4 5 6 8 |  8.0
Throwing       | 1 |  1.0
Shields        | 5 |  5.3

Action                   |  1- 3 |  4- 6 |  7- 9 | 10-12 | 13-15 || total
-------------------------+-------+-------+-------+-------+-------++-------
Melee: Rapier            |    63 |       |       |       |       ||    63
       Unarmed           |     6 |       |       |       |       ||     6
       Punch             |     1 |     3 |     1 |     4 |     1 ||    10
       Spear             |       |    25 |       |       |       ||    25
       Flail             |       |    40 |   153 |   127 |   152 ||   472
       Touch             |       |       |       |       |    15 ||    15
Throw: Boomerang         |       |       |     7 |       |       ||     7
       Dart              |       |       |     1 |       |     3 ||     4
 Cast: Summon Small Mamm |    47 |    16 |    15 |    23 |    18 ||   119
       Call Imp          |     4 |     5 |     9 |     5 |     1 ||    24
       Call Canine Famil |       |     3 |    28 |    41 |    49 ||   121
       Summon Lightning  |       |       |     6 |    44 |    53 ||   103
       Summon Cactus Gia |       |       |       |       |    25 ||    25
Evoke: Wand              |       |       |       |       |     1 ||     1
  Use: Potion            |       |       |     1 |       |     7 ||     8
       Scroll            |       |       |       |       |     8 ||     8
 Stab: Sleeping          |     3 |     2 |     3 |     1 |       ||     9
       Distracted        |       |     2 |     2 |     4 |     4 ||    12
Armor: Robe              |    15 |     9 |       |       |       ||    24
       Leather armour    |       |     1 |    41 |       |       ||    42
       Acid dragon scale |       |       |    23 |    70 |   106 ||   199
Dodge: Dodged            |    51 |    31 |   138 |   150 |   205 ||   575
Block: Buckler           |       |       |       |       |    31 ||    31
